 Dungeon Crawl Stone Soup version 0.30.1-11-g7821555f0a (webtiles) character file.

Game seed: 9842155124995821077

2273321 Kallu the Acrobat (level 27, 226/226 HPs)
             Began as a Gnoll Reaver on Dec 17, 2023.
             Was the Champion of Nemelex Xobeh.
             Escaped with the Orb
             ... and 5 runes on Dec 19, 2023!
             The game lasted 09:36:26 (118251 turns).

Kallu the Acrobat (Gnoll Reaver)                  Turns: 118251, Time: 09:36:27

Health: 226/226    AC: 23    Str: 10    XL:     27
Magic:  38/56      EV: 34    Int: 25    God:    Nemelex Xobeh [******]
Gold:   5161       SH: 17    Dex: 15    Spells: 5/67 levels left

rFire   + + +        a - staff of fire "Efroczin" {rF+ rC+ MP+9 SInv}
rCold   + + +        h - +3 buckler {rC+}
rNeg    + . .        C - +2 leather armour of Amorality {rF+ Regen+ Slay+2}
rPois   .            n - +2 helmet {Int+3}
rElec   +            P - +2 cloak {Will+}
rCorr   .            p - +2 pair of gloves
SInv    +            Q - +2 pair of boots {Stlth+}
Will    +++..        G - amulet of Beauty {Reflect rElec rF+ rC+ SH+5}
Stlth   +++          D - ring of the Hare {EV+10}
HPRegen 1.37/turn    g - ring of positive energy
MPRegen 0.35/turn

%: reflection
@: studying 4 skills
A: fangs 1, strong nose, distributed training, thin skeletal structure 1, cold
resistance 1, deterioration 1, dopey 1, weak 1, wild magic 1
0: Orb of Zot
}: 5/15 runes: serpentine, barnacled, slimy, silver, abyssal
a: Renounce Religion, Draw Escape, Draw Destruction, Draw Summoning, Draw Stack,
Triple Draw, Deal Four, Stack Five


You escaped.
You worshipped Nemelex Xobeh.
Nemelex Xobeh was exalted by your worship.
You visited 11 branches of the dungeon, and saw 53 of its levels.
You visited the Abyss 2 times.
You visited 2 bazaars.
You also visited: Gauntlet, Ice Cave and Wizlab.

You collected 11184 gold pieces.
You spent 6023 gold pieces at shops.

Inventory:

Hand Weapons
 b - the +11 Singing Sword {sonic wave}
   (You took it off a deep elf knight on level 3 of the Elven Halls)
Missiles
 f - 4 throwing nets
Armour
 h - a +3 buckler of cold resistance (worn)
 n - a +2 helmet of intelligence (worn)
 p - a +2 pair of gloves (worn)
 C - the +2 leather armour of Amorality (worn) {rF+ Regen+ Slay+2}
   (You found it on level 13 of the Dungeon)

   Slay:      It affects your accuracy & damage with ranged weapons and melee
   (+2).
   rF:        It protects you from fire.
   Regen:     It increases your rate of health regeneration.
 P - a +2 cloak of willpower (worn)
 Q - a +2 pair of boots of stealth (worn)
Magical Staves
 a - the staff of fire "Efroczin" (weapon) {rF+ rC+ MP+9 SInv}
   (You found it on level 3 of the Elven Halls)

   [staff of fire]

   Base accuracy: +5 Base damage: 5 Base attack delay: 1.2 This weapon's minimum
   attack delay (0.6) is reached at skill level 12.
   rF:        It protects you from fire.
   rC:        It protects you from cold.
   MP:        It affects your magic capacity (+9).
   SInv:      It lets you see invisible.
   It falls into the 'Staves' category.
   It is a one-handed weapon.
Jewellery
 g - a ring of positive energy (right hand)
 q - a ring of wizardry
 u - a ring of poison resistance
 D - the ring of the Hare (left hand) {EV+10}
   (You took it off a vault guard on level 5 of the Vaults)

   [ring of evasion]

   EV:        It affects your evasion (+10).
 G - the amulet of Beauty (around neck) {Reflect rElec rF+ rC+ SH+5}
   (You took it off a deep elf demonologist on level 3 of the Elven Halls)

   [amulet of reflection]

   It reflects blocked missile attacks.
   rF:        It protects you from fire.
   rC:        It protects you from cold.
   rElec:     It insulates you from electricity.
   SH:        It affects your SH (+5).
 O - the ring of Nemucot {AC+4 Int+3}
   (You found it on level 5 of the Pits of Slime)

   [ring of protection]

   AC:        It affects your AC (+4).
   Int:       It affects your intelligence (+3).
 S - a ring of protection from cold
 U - a ring of flight
 Z - the ring of the Assorted Lives {rElec rCorr}
   (You found it in an ice cave)

   [ring of resist corrosion]

   rElec:     It insulates you from electricity.
   rCorr:     It protects you from acid and corrosion.
Wands
 i - a wand of digging (29)
 H - a wand of roots (49)
 J - a wand of acid (14)
 R - a wand of mindburst (71)
 W - a wand of polymorph (43)
Scrolls
 k - 3 scrolls of summoning
 m - 40 scrolls of identify
 r - 4 scrolls of fog
 y - 8 scrolls of magic mapping
 A - 4 scrolls of silence
 E - 6 scrolls of amnesia
 I - 5 scrolls of torment
 K - 9 scrolls of poison
 L - 10 scrolls of immolation
 M - 2 scrolls of enchant armour
 T - 2 scrolls of fear
 X - 23 scrolls of teleportation
Potions
 c - 18 potions of lignification
 d - 8 potions of might
 e - 10 potions of resistance
 j - 31 potions of curing
 l - 5 potions of berserk rage
 s - 13 potions of flight
 t - 3 potions of magic
 v - 5 potions of heal wounds
 w - 4 potions of haste
 x - 9 potions of brilliance
 z - 5 potions of ambrosia
 B - a potion of cancellation
 V - 3 potions of invisibility
Miscellaneous
 F - a phial of floods
 N - a lightning rod (4/4)


   Skills:
 + Level 20.6 Fighting
 + Level 20.1 Short Blades
 + Level 20.1 Long Blades
 + Level 20.1 Axes
 + Level 20.1 Maces & Flails
 + Level 21.0 Polearms
 + Level 22.5 Staves
 + Level 20.1 Ranged Weapons
 + Level 20.1 Throwing
 + Level 20.1 Armour
 + Level 23.8 Dodging
 + Level 20.1 Stealth
 + Level 20.1 Shields
 + Level 20.1 Unarmed Combat
 + Level 20.6 Spellcasting
 + Level 18.0 Conjurations
 + Level 17.2 Hexes
 + Level 17.2 Summonings
 + Level 17.2 Necromancy
 + Level 20.2 Translocations
 + Level 17.2 Transmutations
 + Level 19.5 Fire Magic
 + Level 17.2 Ice Magic
 + Level 17.2 Air Magic
 + Level 17.2 Earth Magic
 + Level 17.2 Poison Magic
 + Level 21.8 Invocations
 + Level 20.1 Evocations


You had 5 spell levels left.
You knew the following spells:

 Your Spells              Type           Power      Damage    Failure   Level
a - Stone Arrow           Conj/Erth      100%       3d13      1%          3
b - Starburst             Conj/Fire      62%        6d16      1%          6
c - Plasma Beam           Fire/Air       62%        2x1d85    1%          6
d - Hailstorm             Conj/Ice       99%        3d19      1%          3
e - Iron Shot             Conj/Erth      49%        9d9       1%          6
f - Orb of Destruction    Conj           50%        9d13      2%          7
g - Passwall              Tmut/Erth      81%        N/A       1%          2
h - Frozen Ramparts       Ice            100%       1d16      1%          3
i - Ozocubu's Armour      Ice            98%        N/A       1%          3
j - Fireball              Conj/Fire      62%        3d24      1%          5
k - Haunt                 Necr/Summ      49%        N/A       3%          7
l - Maxwell's Capacitive  Air            49%        ∞         17%         8
A - Swiftness             Air            98%        N/A       1%          3

Your spell library contained the following spells:

 Spells                   Type           Power      Damage    Failure   Level
 Apportation              Tloc           100%       N/A       1%          1
 Beastly Appendage        Tmut           100%       N/A       1%          1
 Foxfire                  Conj/Fire      100%       2x1d9     1%          1
 Freeze                   Ice            100%       1d10      1%          1
 Kiss of Death            Conj/Necr      100%       2d13      1%          1
 Necrotise                Necr           100%       1d9       1%          1
 Sandblast                Erth           100%       2d20      1%          1
 Sting                    Tmut/Pois      100%       1d8       1%          1
 Summon Small Mammal      Summ           100%       N/A       1%          1
 Cigotuvi's Dreadful Rot  Necr/Pois/Air  100%       N/A       1%          2
 Ensorcelled Hibernation  Hex/Ice        100%       N/A       1%          2
 Lesser Beckoning         Tloc           100%       N/A       1%          2
 Momentum Strike          Conj/Tloc      100%       3d10      1%          2
 Poisonous Vapours        Pois/Air       100%       N/A       1%          2
 Scorch                   Fire           100%       2d9       1%          2
 Searing Ray              Conj           100%       2d8       1%          2
 Static Discharge         Conj/Air       100%       2-7/arc   1%          2
 Sublimation of Blood     Necr           98%        N/A       1%          2
 Wereblood                Tmut           98%        N/A       1%          2
 Call Canine Familiar     Summ           98%        N/A       1%          3
 Gell's Gravitas          Tloc           100%       N/A       1%          3
 Ignite Poison            Fire/Tmut/Pois 100%       N/A       1%          3
 Inner Flame              Hex/Fire       100%       N/A       1%          3
 Mephitic Cloud           Conj/Pois/Air  99%        N/A       1%          3
 Portal Projectile        Hex/Tloc       100%       N/A       1%          3
 Spider Form              Tmut/Pois      98%        N/A       1%          3
 Teleport Other           Tloc           100%       N/A       1%          3
 Tukima's Dance           Hex            98%        N/A       1%          3
 Volatile Blastmotes      Fire/Tloc      100%       2d18      1%          3
 Airstrike                Air            49%        2d(7-23)  1%          4
 Anguish                  Hex/Necr       49%        N/A       1%          4
 Animate Armour           Summ/Erth      100%       N/A       1%          4
 Animate Dead             Necr           98%        N/A       1%          4
 Cause Fear               Hex            49%        N/A       1%          4
 Dispel Undead            Necr           98%        3d31      1%          4
 Flame Wave               Conj/Fire      100%       2d21      1%          4
 Fulminant Prism          Conj/Hex       49%        3d20      1%          4
 Ice Form                 Ice/Tmut       98%        N/A       1%          4
 Iskenderun's Mystic Bla  Conj/Tloc      100%       2d19      1%          4
 Manifold Assault         Tloc           100%       N/A       1%          4
 Olgreb's Toxic Radiance  Pois           98%        N/A       1%          4
 Passage of Golubria      Tloc           100%       N/A       1%          4
 Petrify                  Tmut/Erth      98%        N/A       1%          4
 Sticky Flame             Conj/Fire      100%       2d11      1%          4
 Summon Lightning Spire   Summ/Air       98%        N/A       1%          4
 Alistair's Intoxication  Tmut/Pois      65%        N/A       1%          5
 Arcjolt                  Conj/Air       49%        1d59      1%          5
 Blade Hands              Tmut           49%        N/A       1%          5
 Freezing Cloud           Conj/Ice/Air   49%        6-21      1%          5
 Irradiate                Conj/Tmut      49%        3d28      1%          5
 Iskenderun's Battlesphe  Conj           100%       2d15      1%          5
 Lee's Rapid Deconstruct  Erth           49%        3d23*     1%          5
 Silence                  Hex/Air        49%        N/A       1%          5
 Summon Forest            Summ/Tloc      50%        N/A       1%          5
 Summon Mana Viper        Hex/Summ       98%        N/A       1%          5
 Yara's Violent Unravell  Hex/Tmut       49%        3d19      1%          5
 Conjure Ball Lightning   Conj/Air       49%        3x3d17    1%          6
 Death Channel            Necr           49%        N/A       1%          6
 Dispersal                Tloc           52%        N/A       1%          6
 Eringya's Noxious Bog    Tmut/Pois      49%        N/A       1%          6
 Summon Cactus Giant      Summ           49%        N/A       1%          6
 Malign Gateway           Summ/Tloc      50%        N/A       1%          7
 Ozocubu's Refrigeration  Ice            49%        4d18      3%          7
 Summon Hydra             Summ           49%        N/A       3%          7
 Disjunction              Tloc           52%        N/A       6%          8
 Ignition                 Fire           63%        3d17      8%          8
 Lehudib's Crystal Spear  Conj/Erth      49%        10d12     16%         8
 Discord                  Hex            49%        N/A       17%         8
 Infestation              Necr           49%        N/A       17%         8
 Necromutation            Tmut/Necr      49%        N/A       17%         8


Dungeon Overview and Level Annotations

Branches:
Dungeon (15/15)            Temple (1/1) D:7            Lair (5/5) D:10
 Shoals (4/4) Lair:3        Snake (4/4) Lair:2        Slime (5/5) Lair:4
    Orc (2/2) D:10            Elf (3/3) Orc:2        Vaults (5/5) D:14
  Crypt (0/3) Vaults:3     Depths (4/4) D:15            Zot (5/5) Depths:4
  IceCv (visited)          WizLab (visited)         Gauntlet (visited)

Altars:
Ashenzari
Cheibriados
Dithmenos
Elyvilon
Fedhas
Gozag
Hepliaklqana
Kikubaaqudgha
Makhleb
Nemelex Xobeh
Okawaru
Qazlal
Ru
Sif Muna
Trog
Uskayaw
Vehumet
Wu Jian
Xom
Yredelemnul
Zin
The Shining One
Jiyva
Lugonu

Shops:
D:9 (   D:14 ?   Orc:2 (*?[[:[[[   Elf:2 (   Shoals:1 *   Shoals:2 (
Shoals:3 [   Shoals:4 =*   Snake:2 *   Vaults:1 *(   Depths:2 *(:=?
Depths:3 *[?

Portals:
Hell: Depths:1 Depths:2 Depths:3 Depths:4
Abyss: Shoals:2 Depths:3 Depths:4
Pandemonium: Depths:2
Ziggurat: Depths:4

Annotations:
Lair:2 exclusion: oklob plant
Lair:5 exclusion: obsidian statue
Snake:3 2 transporters, Panicmode's ghost, journeyman MiFi
Slime:4 exclusion: downstairs
Elf:1 9 runed translucent doors, Peloso's ghost, adept MiFi
Elf:2 3 runed translucent doors
Vaults:4 2 transporters
Depths:2 exclusion: 4 downstairs
Depths:3 exclusion: 5 downstairs
Zot:2 exclusion: 2 upstairs
Zot:3 exclusion: 3 upstairs
Zot:4 exclusion: 2 downstairs


Innate Abilities, Weirdness & Mutations

You have very sharp teeth.
Your uncanny sense of smell can sniff out nearby items.
Your experience applies equally to all skills.
You have a somewhat thin skeletal structure. (Dex +2, Stealth+)
Your flesh is cold resistant. (rC+)
Your body sometimes deteriorates upon taking damage.
You are dopey. (Int -2)
You are weak. (Str -2)
Your spells are a little harder to cast, but a little more powerful.


Message History

Unknown command.
There is a stone staircase leading up here.
You climb upwards.
There is a stone staircase leading down here.
Unknown command.
HP restored.
A soul eater comes into view.
Casting: Passwall (safe; 1% risk of failure)
Confirm with . or Enter, or press ? or * to list all spells.
Aiming: Iron Shot (mildly dangerous; 1% risk of failure)
Press: ? - help, Shift-Dir - straight line, f - soul eater
Aim: a soul eater (78% to hit)
The iron shot misses the soul eater.
Unknown command.
Casting: Iron Shot (mildly dangerous; 1% risk of failure)
Confirm with . or Enter, or press ? or * to list all spells.
Aiming: Iron Shot (mildly dangerous; 1% risk of failure)
Press: ? - help, Shift-Dir - straight line, f/p - soul eater
Aim: a soul eater (78% to hit)
The iron shot hits the soul eater!!!
The soul eater is severely wounded.
Unknown command.
Casting: Iron Shot (mildly dangerous; 1% risk of failure)
Confirm with . or Enter, or press ? or * to list all spells.
Aiming: Iron Shot (mildly dangerous; 1% risk of failure)
Press: ? - help, Shift-Dir - straight line, f/p - soul eater
Aim: a soul eater (severely wounded, 78% to hit)
The iron shot hits the soul eater!!!
You kill the soul eater!
Unknown command.
Casting: Iron Shot (mildly dangerous; 1% risk of failure)
Confirm with . or Enter, or press ? or * to list all spells.
Aiming: Passwall (safe; 1% risk of failure)
Press: ? - help, Dir - move target A rock wall.
This square is covered in magical glow.
You begin to meditate on the wall.
You continue meditating on the rock. x2
You finish merging with the rock.
There is a staircase leading out of the dungeon here.
You have escaped!

###...#....#...##>...##>......##
#.............###...###†......##
##.#.#..........##....#.†.......#
...#.##......#..###...##........#
.##..######..#...##....#........#
.##.## ##.....###...#........#
###)# #......###..##.......#
##..## #.##...##...+.†.....##
.....## #.##.@..#..##.......#
......## #...................#
.......# ###########........)#
.......# #..)......# .......#
#.........# .......# ###########
.......# .......# ......##


There were no monsters in sight!

Vanquished Creatures
  the Royal Jelly (Slime:5)
  2 dread liches (Zot:3)
  9 ancient liches
  8 orbs of fire
  3 juggernauts
  A Killer Klown (Zot:5)
  2 curse toes (Zot:4)
  A caustic shrike (Depths:3)
  10 golden dragons
  2 bone dragons (Abyss:4)
  3 electric golems (Zot:5)
  2 doom hounds (Depths:3)
  An Ice Fiend (IceCv)
  Jorgrun (D:13)
  24 Orb Guardians
  5 liches
  20 tentacled monstrosities
  A walking divine tome (Depths:3)
  8 deep elf blademasters
  A walking earthen tome (Depths:2)
  9 quicksilver dragons
  19 acid blobs
  2 deep elf master archers (Elf:3)
  6 titans
  Grunn (Depths:3)
  Agnes (Elf:1)
  10 death cobs
  6 sphinxes
  A kraken (Abyss:5)
  6 tentacled starspawn
  6 tengu reavers
  Kirke (Shoals:4)
  16 storm dragons
  16 rockslimes
  10 shadow dragons
  5 nagarajas (Snake:4)
  2 revenants
  A nargun (Abyss:4)
  6 draconian monks
  13 azure jellies
  6 frost giants
  7 fire giants
  An emperor scorpion (Snake:4)
  A ghost moth (shapeshifter) (Depths:2)
  Louise (D:15)
  2 iron dragons
  16 vault wardens
  8 draconian scorchers
  A caustic shrike zombie (Depths:3)
  6 draconian knights
  6 draconian shifters
  A balrug (Depths:4)
  3 ghost moths
  5 deep elf sorcerers
  A deep elf elementalist (Elf:3)
  25 ironbound preservers
  3 draconian annihilators
  A caustic shrike skeleton (Depths:2)
  9 draconian stormcallers
  2 cacodemons
  A reaper (Depths:3)
  8 quicksilver oozes
  2 spriggan defenders
  2 ironbound thunderhulks
  An ophan (Abyss:4)
  3 war gargoyles (Vaults:5)
  14 stone giants
  2 vampire knights
  2 putrid mouths (Depths:3)
  29 very ugly things
  8 black draconians
  9 spark wasps
  10 deep elf demonologists
  11 white draconians
  15 yellow draconians
  11 green draconians
  A minotaur (Gauntlet)
  15 purple draconians
  15 red draconians
  6 dire elephants
  8 deep elf annihilators
  5 deep elf death magi
  7 merfolk impalers
  24 ettins
  A blizzard demon (Depths:4)
  Snorg (Lair:5)
  3 entropy weavers
  6 deep elf high priests
  An eidolon (Abyss:5)
  11 fire dragons
  19 great orbs of eyes
  4 merfolk javelineers
  11 yaktaur captains
  A jiangshi (Abyss:4)
  4 ogre magi
  Erolcha (Orc:2)
  A ghost crab (Abyss:5)
  3 rakshasas
  A juggernaut simulacrum (Depths:1)
  A salamander tyrant (Snake:4)
  3 catoblepae
  28 vault guards
  16 anacondas
  An anaconda (shapeshifter) (Vaults:3)
  3 merfolk avatars
  A hell beast (Depths:4)
  3 two-headed ogres
  Erica (D:9)
  5 hydras
  3 death yaks (Lair:5)
  2 ice dragons
  26 centaur warriors
  A death knight (Abyss:4)
  4 ironbound frosthearts
  8 boulder beetles
  Urug (Lair:5)
  13 deep troll shamans
  7 merfolk aquamancers
  2 satyrs (Shoals:3)
  8 shock serpents
  5 hell hogs
  18 thrashing horrors
  3 spriggan berserkers
  4 tengu warriors
  10 large abominations
  21 dancing weapons
  11 naga warriors
  An alligator (Vaults:5)
  2 orc high priests
  10 naga sharpshooters
  A vampire mage (Abyss:4)
  10 deep troll earth magi
  The ghost of Paada the Thaumaturge, a journeyman DECj of Sif Muna (Lair:1)
  10 soul eaters
  6 hell knights
  Nergalle (Orc:2)
  5 skysharks
  4 sun demons
  14 deep elf knights
  5 wretched stars (Abyss:4)
  18 iron trolls
  2 sixfirhies
  4 skeletal warriors
  A titan skeleton (Depths:2)
  2 shadow wraiths
  A skyshark (shapeshifter) (Elf:3)
  A spatial maelstrom (Abyss:4)
  A sea snake (shapeshifter) (Depths:4)
  4 glowing orange brains
  18 sea snakes
  A spectral anaconda (Lair:5)
  A spark wasp zombie (Depths:3)
  90 deep trolls
  2 quicksilver dragon simulacra
  8 salamander mystics
  3 flayed ghosts
  2 death drakes
  16 deep elf archers
  Pikel (D:4)
  12 lindwurms
  13 necromancers
  20 ironbound convokers
  2 obsidian statues
  9 naga ritualists
  A deep troll (shapeshifter) (Vaults:5)
  4 phantasmal warriors (Vaults:5)
  9 wizards
  An iron dragon zombie (Depths:3)
  23 harpies
  5 spriggan simulacra (IceCv)
  5 orc knights
  27 deep elf pyromancers
  22 starcursed masses
  17 fauns
  13 deep elf zephyrmancers
  40 ugly things
  A draconian zombie (Zot:4)
  7 orc sorcerers
  2 shining eyes (Slime:3)
  15 mana vipers
  A wolf spider (shapeshifter) (Vaults:5)
  2 dire elephant zombies (Lair:5)
  15 salamanders
  4 cyclopes
  8 manticores
  22 moths of wrath
  A sphinx skeleton (Depths:1)
  A manticore (shapeshifter) (Vaults:5)
  2 human skeletons (Vaults:3)
  10 guardian serpents
  6 merfolk sirens
  An ice statue (Depths:4)
  4 worldbinders
  5 smoke demons
  A black mamba (shapeshifter) (D:15)
  8 water nymphs
  24 elephants
  2 apocalypse crabs
  A gargoyle (D:10)
  15 vault sentinels
  11 naga magi
  A demonic crawler (WizLab)
  38 black mambas
  14 cane toads
  The ghost of VerbalBBQ the Shield-Bearer, a novice FoFi of Elyvilon (D:4)
  A demonspawn skeleton (WizLab)
  2 eyes of devastation
  4 orange demons
  A hellion (Depths:2)
  12 komodo dragons
  An alligator snapping turtle zombie (Abyss:2)
  Maggie (Lair:1)
  5 rime drakes
  A tormentor (Depths:3)
  2 anaconda simulacra (IceCv)
  9 ice devils
  9 freezing wraiths
  33 yaktaurs
  An efreet (Abyss:4)
  4 ancient zymes
  6 hellwings
  8 tengu conjurers
  6 meliai
  30 merfolk
  A polar bear (Lair:3)
  8 trolls
  A harpy zombie (Abyss:4)
  10 wind drakes
  Prince Ribbit (D:7)
  6 hornets
  A spriggan zombie (Depths:1)
  A harpy skeleton (Abyss:4)
  19 blink frogs
  17 raiju
  2 dream sheep (Shoals:1)
  8 snapping turtles
  2 spriggan skeletons
  A centaur simulacrum (D:12)
  Sigmund (D:6)
  A flying skull (Abyss:4)
  5 air elementals
  A shadow (D:12)
  5 yaks (Lair:2)
  106 slime creatures
  2 vampires (Vaults:3)
  3 wyverns
  7 wraiths
  4 basilisks
  A spriggan (Depths:2)
  2 dire elephant simulacra
  The ghost of Peloso the Covered, an amateur MiFi (D:4)
  3 ynoxinuls
  Eustachio (D:4)
  5 steam dragons
  17 water elementals
  4 golden eyes
  A hog (Shoals:4)
  7 fire elementals
  2 vampire mosquitoes (D:15)
  A human simulacrum (Vaults:3)
  4 minotaur simulacra (IceCv)
  A redback (shapeshifter) (Vaults:5)
  9 spatial vortices
  5 chaos spawn
  2 neqoxecs
  7 wargs
  Menkaure (D:7)
  3 swamp worms (Lair:5)
  34 nagas
  10 redbacks
  A spectral cane toad (Lair:5)
  2 acid dragons
  An acid dragon (shapeshifter) (Elf:3)
  7 water moccasins
  3 hell hounds
  A glowing shapeshifter zombie (Vaults:3)
  3 floating eyes
  A floating eye (shapeshifter) (Vaults:5)
  2 ice beasts
  A swamp drake (Vaults:5)
  34 orc warriors
  An elephant zombie (Lair:5)
  5 black bears
  A boggart (WizLab)
  10 small abominations
  14 wolves
  8 ogres
  9 centaurs
  2 elephant skeletons (Lair:5)
  5 phantoms
  3 lemures
  8 earth elementals
  17 bullfrogs
  2 kobold brigands
  4 gnoll sergeants
  5 scorpions
  2 deep troll simulacra (IceCv)
  A cane toad simulacrum (Lair:5)
  A wyvern skeleton (D:5)
  A water moccasin zombie (D:5)
  9 wights
  An elephant simulacrum (Lair:5)
  3 lindwurm simulacra (IceCv)
  A killer bee (D:8)
  4 electric eels
  6 howler monkeys
  2 bullfrog zombies (D:5)
  4 lava snakes (Lair:2)
  A quasit (Abyss:1)
  A centaur zombie (D:5)
  19 orc priests
  A gnoll bouda (Orc:1)
  6 hounds
  Crazy Yiuf (D:5)
  5 jellies
  2 iron imps
  2 sleepcaps
  A bullfrog skeleton (D:5)
  Ijyb (D:4)
  6 iguanas
  Natasha (thrice) (D:2)
  21 orc wizards
  2 hound zombies (D:5)
  A howler monkey zombie (D:5)
  8 adders
  21 gnolls
  6 shadow imps
  6 white imps
  7 ufetubi
  An adder zombie (D:5)
  A worm (D:3)
  4 dart slugs
  80 orcs
  5 ball pythons
  7 bats
  2 endoplasms (D:1)
  A giant cockroach (D:1)
  7 goblins
  6 hobgoblins
  4 jackals
  2 quokkas (D:4)
  7 frilled lizards
  16 kobolds
  10 rats
  2 butterflies (D:4)
  2 lurking horrors
  10 starspawn tentacles
  3 tentacles (Abyss:5)
2471 creatures vanquished.

Vanquished Creatures (collateral kills)
  An orb of fire (Zot:5)
  Mara (Shoals:4)
  A curse toe (Zot:3)
  Saint Roka (Orc:2)
  A golden dragon (Zot:3)
  Nikola (Vaults:1)
  A Tzitzimitl (Depths:2)
  2 tentacled monstrosities
  Rupert (D:15)
  An Ice Fiend (IceCv)
  A lich (Abyss:4)
  A quicksilver dragon (Zot:2)
  A shadow dragon (Zot:2)
  A vault warden (Vaults:4)
  A draconian stormcaller (Zot:1)
  A reaper (Depths:2)
  A green draconian (Zot:1)
  A deep elf demonologist (Depths:3)
  A vampire knight (Zot:3)
  A white draconian (Zot:3)
  A fire dragon (Depths:3)
  A centaur warrior (Vaults:2)
  A thrashing horror (Abyss:4)
  A spatial maelstrom (Abyss:5)
  A bog body (IceCv)
  A naga ritualist (Snake:4)
  A deep elf pyromancer (Elf:1)
  A moth of wrath (Zot:2)
  An ugly thing (Vaults:2)
  A cyclops (D:13)
  3 shining eyes
  2 large abominations (Abyss:5)
  A vault sentinel (Vaults:5)
  A black mamba (Snake:4)
  2 freezing wraiths (IceCv)
  An efreet (Abyss:5)
  A komodo dragon (shapeshifter) (D:13)
  2 raiju (Abyss:4)
  A small abomination (Abyss:5)
  A water elemental (Elf:1)
  A redback (shapeshifter) (Vaults:5)
  A spatial vortex (Abyss:5)
  A lindwurm simulacrum (IceCv)
  3 foxfires
  A lurking horror (Abyss:4)
53 creatures vanquished.

Vanquished Creatures (others)
  A doom hound (Depths:3)
  A very ugly thing (Vaults:5)
  A deep troll earth mage (Depths:3)
  A flayed ghost (Abyss:4)
  A deep troll (Depths:3)
  A quicksilver dragon simulacrum (Depths:4)
  A deep elf pyromancer (Elf:3)
  2 deep elf zephyrmancers
  A tengu conjurer (Gauntlet)
  5 humans
  4 ettin simulacra (Depths:4)
  An orc (D:4)
  288 foxfires
  A lurking horror (Shoals:2)
  8 starspawn tentacles
  9 tentacles (Abyss:5)
326 creatures vanquished.

Grand Total: 2850 creatures vanquished

Notes
Turn   | Place    | Note
-------+----------+-------------------------------------------
     0 | D:1      | Kallu the Gnoll Reaver began the quest for the Orb.
     0 | D:1      | Reached XP level 1. HP: 20/20 MP: 6/6
    63 | D:1      | Reached XP level 2. HP: 26/26 MP: 7/7
   260 | D:1      | Reached skill level 5 in Spellcasting
   260 | D:1      | Reached XP level 3. HP: 29/31 MP: 7/9
   350 | D:1      | Found a faded altar of an unknown god.
   615 | D:2      | Learned a level 2 spell: Momentum Strike
   625 | D:2      | Reached skill level 1 in Invocations
   746 | D:2      | Reached skill level 1 in Short Blades
   746 | D:2      | Reached skill level 1 in Long Blades
   746 | D:2      | Reached skill level 1 in Axes
   746 | D:2      | Reached skill level 1 in Maces & Flails
   746 | D:2      | Reached skill level 1 in Staves
   746 | D:2      | Reached skill level 1 in Ranged Weapons
   746 | D:2      | Reached skill level 1 in Throwing
   746 | D:2      | Reached skill level 1 in Armour
   746 | D:2      | Reached skill level 1 in Stealth
   746 | D:2      | Reached skill level 1 in Shields
   746 | D:2      | Reached skill level 1 in Unarmed Combat
   746 | D:2      | Reached skill level 1 in Evocations
   890 | D:2      | Noticed Natasha
   891 | D:2      | Killed Natasha
   892 | D:2      | Reached XP level 4. HP: 38/38 MP: 8/11
  1120 | D:2      | Reached skill level 1 in Hexes
  1120 | D:2      | Reached skill level 1 in Summonings
  1120 | D:2      | Reached skill level 1 in Necromancy
  1120 | D:2      | Reached skill level 1 in Translocations
  1120 | D:2      | Reached skill level 1 in Transmutations
  1120 | D:2      | Reached skill level 1 in Fire Magic
  1120 | D:2      | Reached skill level 1 in Ice Magic
  1120 | D:2      | Reached skill level 1 in Air Magic
  1120 | D:2      | Reached skill level 1 in Earth Magic
  1120 | D:2      | Reached skill level 1 in Poison Magic
  1184 | D:2      | Noticed Natasha
  1189 | D:2      | Killed Natasha
  1336 | D:2      | Noticed Natasha
  1342 | D:2      | Killed Natasha
  1343 | D:2      | Reached XP level 5. HP: 31/36 MP: 8/12
  1823 | D:3      | Learned a level 1 spell: Foxfire
  1989 | D:3      | Found a snail-covered altar of Cheibriados.
  1990 | D:3      | Found a stormy altar of Qazlal.
  1991 | D:3      | Found a hide-covered altar of Uskayaw.
  1991 | D:3      | Found a white marble altar of Elyvilon.
  1991 | D:3      | Found a glowing silver altar of Zin.
  1993 | D:3      | Found an ornate altar of the Wu Jian Council.
  1993 | D:3      | Found a glowing golden altar of the Shining One.
  1994 | D:3      | Found a blossoming altar of Fedhas.
  2499 | D:3      | Noticed an ogre
  2505 | D:3      | Killed an ogre
  2506 | D:3      | Reached skill level 5 in Fighting
  2506 | D:3      | Reached skill level 5 in Dodging
  2506 | D:3      | Reached XP level 6. HP: 11/43 MP: 10/14
  2930 | D:4      | Found a runed translucent gate.
  2931 | D:4      | Found a runed translucent gate.
  2932 | D:4      | Found a runed translucent gate.
  2936 | D:4      | Noticed Peloso's ghost (amateur MiFi)
  2936 | D:4      | Noticed VerbalBBQ's ghost (novice FoFi)
  2968 | D:4      | Found a radiant altar of Vehumet.
  3190 | D:4      | Found a shimmering altar of Xom.
  3206 | D:4      | Noticed Eustachio
  3234 | D:4      | Killed Eustachio
  3235 | D:4      | Reached XP level 7. HP: 18/47 MP: 8/15
  3380 | D:4      | Noticed Ijyb
  3877 | D:4      | Learned a level 3 spell: Hailstorm
  4144 | D:4      | Killed Ijyb
  4421 | D:5      | Entered Level 5 of the Dungeon
  4464 | D:5      | Reached XP level 8. HP: 59/62 MP: 12/16
  4952 | D:5      | Found a runed translucent door.
  4955 | D:5      | Learned a level 1 spell: Freeze
  4955 | D:5      | Noticed Crazy Yiuf
  5037 | D:5      | Noticed Pikel
  6323 | D:5      | Killed Crazy Yiuf
  6324 | D:5      | Reached skill level 6 in Dodging
  6338 | D:5      | Identified the +9 hammer of Plunder {protect, Fragile rElec
                  | rC+}
  6501 | D:4      | Killed Pikel
  6502 | D:4      | Reached XP level 9. HP: 48/69 MP: 13/18
  6507 | D:4      | Learned a level 3 spell: Swiftness
  7223 | D:6      | Identified the +1 robe "Zuxetisa" {Fly Int+3}
  7380 | D:6      | Reached skill level 5 in Invocations
  7408 | D:6      | Found a burning altar of Makhleb.
  7455 | D:6      | Found a shadowy altar of Dithmenos.
  7556 | D:6      | You are sucked into a shaft and drop 2 floors!
  7603 | D:7      | Noticed Prince Ribbit
  8021 | D:8      | Reached skill level 5 in Short Blades
  8021 | D:8      | Reached skill level 5 in Long Blades
  8021 | D:8      | Reached skill level 5 in Axes
  8021 | D:8      | Reached skill level 5 in Maces & Flails
  8021 | D:8      | Reached skill level 5 in Staves
  8021 | D:8      | Reached skill level 5 in Ranged Weapons
  8021 | D:8      | Reached skill level 5 in Throwing
  8021 | D:8      | Reached skill level 5 in Armour
  8021 | D:8      | Reached skill level 5 in Stealth
  8021 | D:8      | Reached skill level 5 in Shields
  8021 | D:8      | Reached skill level 5 in Unarmed Combat
  8021 | D:8      | Reached skill level 5 in Evocations
  8021 | D:8      | Reached XP level 10. HP: 64/76 MP: 18/20
  8280 | D:7      | Killed Prince Ribbit
  8283 | D:7      | Reached skill level 7 in Dodging
  8668 | D:7      | Noticed Menkaure
  8676 | D:7      | Killed Menkaure
  9141 | D:7      | Found a staircase to the Ecumenical Temple.
  9297 | Temple   | Entered the Ecumenical Temple
  9415 | Temple   | Became a worshipper of Nemelex Xobeh the Trickster
 10543 | D:9      | Noticed Erica
 10554 | D:9      | Killed Erica
 10874 | D:9      | Found Zuewuliv's Weapon Emporium.
 11164 | D:10     | Entered Level 10 of the Dungeon
 11529 | D:10     | Reached skill level 5 in Hexes
 11529 | D:10     | Reached skill level 5 in Summonings
 11529 | D:10     | Reached skill level 5 in Necromancy
 11529 | D:10     | Reached skill level 5 in Translocations
 11529 | D:10     | Reached skill level 5 in Transmutations
 11529 | D:10     | Reached skill level 5 in Fire Magic
 11529 | D:10     | Reached skill level 5 in Ice Magic
 11529 | D:10     | Reached skill level 5 in Air Magic
 11529 | D:10     | Reached skill level 5 in Earth Magic
 11529 | D:10     | Reached skill level 5 in Poison Magic
 11574 | D:10     | Reached XP level 11. HP: 80/80 MP: 7/22
 11859 | D:10     | Found a staircase to the Orcish Mines.
 11943 | D:10     | Reached * piety under Nemelex Xobeh
 11984 | D:10     | Received a gift from Nemelex Xobeh
 12300 | D:10     | Paralysed by a hornet for 3 turns
 12486 | D:10     | Found a staircase to the Lair.
 12822 | Lair:1   | Entered Level 1 of the Lair of Beasts
 12826 | Lair:1   | Learned a level 2 spell: Passwall
 12907 | Lair:1   | Reached ** piety under Nemelex Xobeh
 12994 | Lair:1   | Reached skill level 8 in Dodging
 13371 | Lair:1   | Found a runed translucent door.
 13378 | Lair:1   | Noticed Paada's ghost (journeyman DECj)
 13586 | D:10     | Learned a level 3 spell: Frozen Ramparts
 14003 | Lair:1   | Noticed a skyshark
 14069 | Lair:1   | Killed a skyshark
 14431 | Lair:1   | Noticed a boulder beetle
 14447 | Lair:1   | Killed a boulder beetle
 14448 | Lair:1   | Reached XP level 12. HP: 86/94 MP: 20/24
 14476 | Lair:1   | Found a hide-covered altar of Uskayaw.
 14476 | Lair:1   | Found an ornate altar of the Wu Jian Council.
 14710 | Lair:1   | Learned a level 3 spell: Ozocubu's Armour
 15138 | Lair:1   | Killed Paada's ghost
 15268 | Lair:2   | Noticed Maggie
 15278 | Lair:1   | Killed Maggie
 15302 | Lair:1   | Reached skill level 10 in Polearms
 15522 | Lair:2   | Reached skill level 9 in Dodging
 15557 | Lair:2   | Noticed a catoblepas
 15589 | Lair:2   | Found a staircase to the Snake Pit.
 15864 | Lair:2   | Killed a catoblepas
 15987 | Lair:2   | Noticed a five-headed hydra
 15995 | Lair:2   | Killed a five-headed hydra
 17515 | Lair:3   | Reached XP level 13. HP: 57/78 MP: 20/26
 17659 | Lair:2   | Learned a level 5 spell: Fireball
 18277 | Lair:3   | Reached *** piety under Nemelex Xobeh
 18277 | Lair:3   | Received a gift from Nemelex Xobeh
 18429 | Lair:3   | Found a staircase to the Shoals.
 18649 | Lair:4   | Found a sparkling altar of Nemelex Xobeh.
 18991 | Lair:4   | Received a gift from Nemelex Xobeh
 19024 | Lair:4   | Found a staircase to the Slime Pits.
 19025 | Lair:4   | Found a viscous altar of Jiyva.
 19276 | Lair:5   | Entered Level 5 of the Lair of Beasts
 19276 | Lair:5   | Noticed Snorg
 19370 | Lair:5   | Reached skill level 10 in Spellcasting
 19651 | Lair:5   | Noticed Urug
 19791 | Lair:5   | Reached **** piety under Nemelex Xobeh
 20221 | Lair:5   | Killed Snorg
 20222 | Lair:5   | Reached skill level 10 in Fighting
 20222 | Lair:5   | Reached skill level 10 in Dodging
 20595 | Lair:5   | Killed Urug
 20917 | Lair:5   | Identified the +2 rapier "Grim" {venom, rPois rF+ Str+3}
 21029 | Lair:5   | Received a gift from Nemelex Xobeh
 21303 | Lair:5   | Reached skill level 10 in Invocations
 21303 | Lair:5   | Reached XP level 14. HP: 108/110 MP: 20/28
 21809 | Lair:5   | Noticed a dire elephant
 21809 | Lair:5   | Noticed a dire elephant
 21810 | Lair:5   | Noticed a dire elephant
 21810 | Lair:5   | Noticed a dire elephant
 21926 | Lair:5   | Noticed a dire elephant
 22574 | Lair:5   | Killed a dire elephant
 23059 | Lair:5   | a dire elephant changed into an iron troll
 23617 | Lair:5   | Killed a dire elephant
 23888 | Lair:5   | Killed a dire elephant
 24867 | Lair:5   | Killed a dire elephant
 26145 | D:11     | Received a gift from Nemelex Xobeh
 26193 | D:11     | Found the +5 scythe "Finisher" {speed, execute}
 26572 | D:12     | Identified the +5 whip "Pixaeheh" {freeze, Will+}
 27032 | D:12     | Received a gift from Nemelex Xobeh
 27237 | D:12     | Reached ***** piety under Nemelex Xobeh
 27584 | D:13     | Reached skill level 10 in Conjurations
 27882 | D:13     | Identified the +2 leather armour of Amorality {rF+ Regen+
                  | Slay+2}
 28075 | D:13     | Received a gift from Nemelex Xobeh
 28145 | D:13     | Noticed Jorgrun
 28150 | D:13     | Killed Jorgrun
 28151 | D:13     | Reached skill level 10 in Short Blades
 28151 | D:13     | Reached skill level 10 in Long Blades
 28151 | D:13     | Reached skill level 10 in Axes
 28151 | D:13     | Reached skill level 10 in Maces & Flails
 28151 | D:13     | Reached skill level 10 in Staves
 28151 | D:13     | Reached skill level 10 in Ranged Weapons
 28151 | D:13     | Reached skill level 10 in Throwing
 28151 | D:13     | Reached skill level 10 in Armour
 28151 | D:13     | Reached skill level 11 in Dodging
 28151 | D:13     | Reached skill level 10 in Stealth
 28151 | D:13     | Reached skill level 10 in Shields
 28151 | D:13     | Reached skill level 10 in Unarmed Combat
 28151 | D:13     | Reached skill level 10 in Evocations
 28262 | D:13     | Learned a level 3 spell: Stone Arrow
 28824 | D:14     | Found Nol Vity's Magic Scroll Shoppe.
 28830 | D:14     | Reached XP level 15. HP: 118/118 MP: 26/30
 28848 | D:14     | Bought a scroll of identify for 30 gold pieces
 28848 | D:14     | Bought a scroll of identify for 30 gold pieces
 29472 | D:14     | Found a gate to the Vaults.
 30158 | D:15     | Entered Level 15 of the Dungeon
 30158 | D:15     | Noticed Rupert
 30261 | D:15     | Noticed Louise
 30331 | D:15     | Received a gift from Nemelex Xobeh
 30486 | D:15     | Killed Louise
 30612 | D:15     | Found a gate leading to a gauntlet.
 30658 | Gauntlet | Entered a Gauntlet
 30658 | Gauntlet | Found a transporter.
 30737 | Gauntlet | Found a transporter.
 30744 | Gauntlet | Found a transporter.
 30759 | Gauntlet | Found a transporter.
 30764 | Gauntlet | Found a transporter.
 30781 | Gauntlet | Found a transporter.
 30799 | Gauntlet | Found a transporter.
 30811 | Gauntlet | Found a transporter.
 30823 | Gauntlet | Found a transporter.
 30831 | Gauntlet | Found a large runed translucent door.
 30832 | Gauntlet | Found a large runed translucent door.
 30833 | Gauntlet | Found a large runed translucent door.
 30833 | Gauntlet | Found a large runed translucent door.
 30834 | Gauntlet | Found a runed translucent gate.
 30835 | Gauntlet | Found a transporter.
 30835 | Gauntlet | Found a runed translucent gate.
 30836 | Gauntlet | Found a runed translucent gate.
 30837 | Gauntlet | Found a large runed translucent door.
 30837 | Gauntlet | Found a large runed translucent door.
 30838 | Gauntlet | Found a large runed translucent door.
 30839 | Gauntlet | Found a large runed translucent door.
 30847 | Gauntlet | Found a transporter.
 30864 | Gauntlet | Found a transporter.
 30877 | Gauntlet | Found a large runed translucent door.
 30878 | Gauntlet | Found a large runed translucent door.
 30879 | Gauntlet | Found a large runed translucent door.
 30879 | Gauntlet | Found a large runed translucent door.
 30880 | Gauntlet | Found a runed translucent door.
 30881 | Gauntlet | Found a transporter.
 30882 | Gauntlet | Found a runed translucent door.
 30883 | Gauntlet | Found a transporter.
 30883 | Gauntlet | Found a large runed translucent door.
 30883 | Gauntlet | Found a large runed translucent door.
 30884 | Gauntlet | Found a large runed translucent door.
 30910 | Gauntlet | Found a transporter.
 30987 | Gauntlet | Found a transporter.
 30998 | Gauntlet | Found a transporter.
 31004 | Gauntlet | Found a transporter.
 31028 | Gauntlet | Found a large runed translucent door.
 31163 | Gauntlet | Identified the staff of air "Huutoihirph" {Drain Fly rElec
                  | rC+ Dex+2}
 31168 | Gauntlet | Identified the amulet of Lilacs {Acrobat Rampage rF+ Int-3}
 31211 | Gauntlet | Received a gift from Nemelex Xobeh
 31269 | Gauntlet | Identified the +5 scale mail of Fedhas's Reproof {Drain rC+
                  | Stlth+}
 31445 | D:15     | Paralysed by Rupert for 5 turns
 31464 | D:15     | Killed Rupert
 31614 | D:15     | Found a staircase to the Depths.
 32003 | Orc:1    | Entered Level 1 of the Orcish Mines
 32798 | Orc:1    | Received a gift from Nemelex Xobeh
 32959 | Orc:2    | Entered Level 2 of the Orcish Mines
 33194 | Orc:2    | Noticed Saint Roka
 33568 | Orc:2    | Found Wusyr's Magic Scroll Shoppe.
 33613 | Orc:2    | Bought a scroll of blinking for 112 gold pieces
 33613 | Orc:2    | Bought a scroll of fog for 60 gold pieces
 33830 | Orc:2    | Noticed Nergalle
 33862 | Orc:2    | Killed Nergalle
 34044 | Orc:2    | Found Ishrehaon's Armour Shop.
 34124 | Orc:2    | Killed Saint Roka
 34125 | Orc:2    | Reached XP level 16. HP: 76/127 MP: 18/32
 34272 | Orc:2    | Found Ijuzoug's General Store.
 34279 | Orc:2    | Bought a scroll of enchant weapon for 97 gold pieces
 34287 | Orc:2    | Found Idirpher's Book Boutique.
 34387 | Orc:2    | Noticed Erolcha
 34422 | Orc:2    | Killed Erolcha
 34477 | Orc:2    | Found Udohox's Armour Shoppe.
 34521 | Orc:2    | Found Bidwai Pugom's Antique Armour Shop.
 34543 | Orc:2    | Found Room Gyb's Antique Armour Boutique.
 34558 | Orc:2    | Found Suomud's Antique Weapon Boutique.
 34869 | Orc:2    | Found a staircase to the Elven Halls.
 34932 | Orc:2    | Found Muhyq's Antique Armour Shoppe.
 35446 | Snake:1  | Entered Level 1 of the Snake Pit
 35928 | Snake:1  | Reached skill level 12 in Dodging
 36394 | Snake:1  | Received a gift from Nemelex Xobeh
 37015 | Snake:1  | Received a gift from Nemelex Xobeh
 37460 | Snake:1  | Received a gift from Nemelex Xobeh
 37572 | Snake:2  | Reached ****** piety under Nemelex Xobeh
 38086 | Snake:2  | Received a gift from Nemelex Xobeh
 38365 | Snake:2  | Found Heggoodout's Assorted Antiques.
 38369 | Snake:2  | Bought a scroll of teleportation for 84 gold pieces
 38369 | Snake:2  | Bought a scroll of teleportation for 84 gold pieces
 39756 | Snake:3  | Received a gift from Nemelex Xobeh
 39879 | Snake:3  | Noticed Panicmode's ghost (journeyman MiFi)
 39881 | Snake:3  | Found a transporter.
 41027 | Snake:3  | Reached XP level 17. HP: 123/135 MP: 33/33
 41392 | Snake:3  | Reached skill level 10 in Hexes
 41392 | Snake:3  | Reached skill level 10 in Summonings
 41392 | Snake:3  | Reached skill level 10 in Necromancy
 41392 | Snake:3  | Reached skill level 10 in Translocations
 41392 | Snake:3  | Reached skill level 10 in Transmutations
 41392 | Snake:3  | Reached skill level 10 in Fire Magic
 41392 | Snake:3  | Reached skill level 10 in Ice Magic
 41392 | Snake:3  | Reached skill level 10 in Air Magic
 41392 | Snake:3  | Reached skill level 10 in Earth Magic
 41392 | Snake:3  | Reached skill level 10 in Poison Magic
 41495 | Snake:3  | Found a transporter.
 41563 | Snake:3  | Received a gift from Nemelex Xobeh
 41853 | Snake:4  | Entered Level 4 of the Snake Pit
 43318 | Snake:4  | Reached skill level 13 in Dodging
 44046 | Snake:4  | Received a gift from Nemelex Xobeh
 44247 | Snake:4  | Got a serpentine rune of Zot
 44880 | D:6      | Noticed Sigmund
 44885 | D:6      | Killed Sigmund
 45108 | D:6      | Found a bloodstained altar of Trog.
 45109 | D:6      | Found an ancient bone altar of Kikubaaqudgha.
 45132 | D:6      | Received a gift from Nemelex Xobeh
 45476 | D:4      | Killed VerbalBBQ's ghost
 45483 | D:4      | Killed Peloso's ghost
 45799 | Vaults:1 | Entered Level 1 of the Vaults
 46054 | Vaults:1 | Reached XP level 18. HP: 143/143 MP: 16/35
 46196 | Vaults:1 | Noticed Nikola
 46871 | Vaults:1 | Received a gift from Nemelex Xobeh
 47640 | Vaults:1 | Found Derysk's Assorted Antiques.
 47680 | Vaults:1 | Received a gift from Nemelex Xobeh
 48202 | Vaults:1 | Killed Nikola
 48641 | Vaults:1 | Found Lomuan's Weapon Shop.
 48649 | Vaults:1 | Learned a level 6 spell: Starburst
 48659 | Vaults:1 | Bought a scroll of blinking for 210 gold pieces
 48659 | Vaults:1 | Bought a scroll of teleportation for 84 gold pieces
 48761 | Vaults:2 | Received a gift from Nemelex Xobeh
 49471 | Vaults:2 | Received a gift from Nemelex Xobeh
 49680 | Vaults:2 | Reached XP level 19. HP: 80/151 MP: 3/37
 50037 | Vaults:2 | Reached skill level 14 in Dodging
 51513 | Vaults:3 | Found a flickering gateway to a bazaar.
 51531 | Bazaar   | Entered a bazaar
 51531 | Bazaar   | Found Ujufuco's Assorted Antiques.
 51531 | Bazaar   | Found Ehaaseot's Jewellery Boutique.
 51531 | Bazaar   | Found Tiraimpe's Antique Armour Boutique.
 51531 | Bazaar   | Found Soyl Sost's Weapon Shop.
 51546 | Bazaar   | Bought a pair of heavily runed gloves for 209 gold pieces
 51546 | Bazaar   | Identified the -2 pair of gloves of Imperfection {rPois
                  | Str-5 Int+8 Stlth-} (You bought it in a shop in a bazaar)
 51552 | Bazaar   | Bought a scroll of teleportation for 87 gold pieces
 51552 | Bazaar   | Bought a scroll of teleportation for 87 gold pieces
 51554 | Bazaar   | Bought a ring of positive energy for 180 gold pieces
 51980 | Vaults:3 | Reached skill level 15 in Polearms
 52842 | Vaults:3 | Reached skill level 15 in Invocations
 53022 | Vaults:3 | Found a staircase to the Crypt.
 53225 | Vaults:4 | Received a gift from Nemelex Xobeh
 53373 | Vaults:4 | Reached XP level 20. HP: 146/160 MP: 38/38
 53392 | Vaults:4 | Found a transporter.
 53424 | Vaults:4 | Found a transporter.
 54445 | Vaults:4 | Identified the +0 ring mail "Ydehuor" {Drain rF++}
 54805 | Vaults:4 | Reached skill level 15 in Spellcasting
 54822 | Vaults:4 | Received a gift from Nemelex Xobeh
 55717 | Shoals:1 | Entered Level 1 of the Shoals
 55741 | Shoals:1 | Got Mnoleg's Catalogue of Adjuration
 56475 | Shoals:1 | Reached skill level 15 in Fighting
 56475 | Shoals:1 | Reached skill level 15 in Dodging
 56713 | Shoals:1 | Found Solesm's Overcharged Wands.
 56714 | Shoals:1 | Received a gift from Nemelex Xobeh
 57305 | Shoals:2 | Found a one-way gate to the infinite horrors of the Abyss.
 57305 | Shoals:2 | Found a corrupted altar of Lugonu.
 57305 | Shoals:2 | Received a gift from Nemelex Xobeh
 57805 | Shoals:2 | Found Gevves's Weapon Boutique.
 57915 | Shoals:2 | Received a gift from Nemelex Xobeh
 59032 | Shoals:3 | Received a gift from Nemelex Xobeh
 59190 | Shoals:3 | Received a gift from Nemelex Xobeh
 59191 | Shoals:3 | Found Jarriguo's Armour Emporium.
 59354 | Shoals:4 | Entered Level 4 of the Shoals
 59365 | Shoals:4 | Reached XP level 21. HP: 168/168 MP: 33/40
 59405 | Shoals:4 | Noticed Kirke
 60091 | Shoals:4 | Killed Kirke
 60813 | Shoals:4 | Found Ebbaochy's General Store.
 60860 | Shoals:4 | Identified a scroll of acquirement
 61514 | Shoals:4 | Noticed Mara
 61613 | Shoals:4 | Noticed Kallu's illusion
 61619 | Shoals:4 | Noticed Kallu's illusion
 61622 | Shoals:4 | Killed Mara
 61850 | Shoals:4 | Received a gift from Nemelex Xobeh
 61856 | Shoals:4 | Got a barnacled rune of Zot
 61928 | Shoals:4 | Found Yturch's Jewellery Emporium.
 62031 | Shoals:4 | Acquired 1124 gold pieces
 62347 | Elf:1    | Entered Level 1 of the Elven Halls
 62441 | Elf:1    | Found a runed translucent gate.
 62441 | Elf:1    | Found a runed translucent gate.
 62441 | Elf:1    | Found a runed translucent gate.
 62444 | Elf:1    | Noticed Peloso's ghost (adept MiFi)
 62588 | Elf:1    | You fall into a shaft and drop 1 floor!
 62588 | Elf:2    | Found Riram's Antique Weapon Emporium.
 62728 | Elf:1    | Found a frozen archway.
 62740 | IceCv    | Entered an ice cave
 63154 | IceCv    | Learned a level 6 spell: Plasma Beam
 63266 | IceCv    | Identified the +5 demon trident of Reason {drain, Drain
                  | rElec Str+8 Int-2}
 63271 | IceCv    | Reached skill level 15 in Short Blades
 63271 | IceCv    | Reached skill level 15 in Long Blades
 63271 | IceCv    | Reached skill level 15 in Axes
 63271 | IceCv    | Reached skill level 15 in Maces & Flails
 63271 | IceCv    | Reached skill level 15 in Staves
 63271 | IceCv    | Reached skill level 15 in Ranged Weapons
 63271 | IceCv    | Reached skill level 15 in Throwing
 63271 | IceCv    | Reached skill level 15 in Armour
 63271 | IceCv    | Reached skill level 15 in Stealth
 63271 | IceCv    | Reached skill level 15 in Shields
 63271 | IceCv    | Reached skill level 15 in Unarmed Combat
 63271 | IceCv    | Reached skill level 15 in Evocations
 63312 | IceCv    | Received a gift from Nemelex Xobeh
 63494 | IceCv    | Identified the ring of the Assorted Lives {rElec rCorr}
 64031 | Elf:1    | Found a runed translucent gate.
 64031 | Elf:1    | Found a runed translucent gate.
 64031 | Elf:1    | Found a runed translucent gate.
 64031 | Elf:1    | Found a runed translucent gate.
 64031 | Elf:1    | Found a runed translucent gate.
 64033 | Elf:1    | Found a runed translucent gate.
 64645 | Elf:1    | Received a gift from Nemelex Xobeh
 64844 | Elf:1    | Noticed Agnes
 64887 | Elf:1    | Killed Agnes
 65194 | Depths:1 | Entered Level 1 of the Depths
 66562 | D:15     | Reached XP level 22. HP: 125/175 MP: 18/42
 67366 | Depths:1 | Found a gateway to Hell.
 67383 | Depths:1 | Reached skill level 16 in Dodging
 67508 | Depths:1 | Found a hide-covered altar of Uskayaw.
 67618 | Depths:1 | Received a gift from Nemelex Xobeh
 68353 | Depths:2 | Found Ekaptofe's Jewellery Emporium.
 68501 | Depths:2 | Found a magical portal.
 68510 | WizLab   | Entered The Roulette of Golubria
 68510 | WizLab   | Found a transporter.
 68513 | WizLab   | Found a corrupted altar of Lugonu.
 68704 | WizLab   | Found a transporter.
 68719 | WizLab   | Found a transporter.
 68742 | WizLab   | Found a transporter.
 68874 | WizLab   | Found a transporter.
 69187 | WizLab   | Found a transporter.
 69187 | WizLab   | Found a transporter.
 69364 | WizLab   | Found a transporter.
 69364 | WizLab   | Found a transporter.
 69397 | WizLab   | Found a transporter.
 69397 | WizLab   | Found a transporter.
 69549 | WizLab   | Found a transporter.
 69549 | WizLab   | Found a transporter.
 69716 | WizLab   | Found a transporter.
 69781 | WizLab   | Found a transporter.
 69781 | WizLab   | Found a transporter.
 69916 | WizLab   | Found a corrupted altar of Lugonu.
 69925 | WizLab   | Found a transporter.
 69925 | WizLab   | Found a transporter.
 69987 | WizLab   | Found a transporter.
 69996 | WizLab   | Identified the +1 cloak of Incorporation {Fly MP+9 Str+6}
 70045 | WizLab   | Found a transporter.
 70047 | WizLab   | Got Golubria's Precepts of the Geodesic
 70051 | WizLab   | Identified the +2 cloak of Sophism {rPois Dex-2 SInv}
 70213 | Depths:2 | Found a one-way gate leading to the halls of Pandemonium.
 70663 | Depths:2 | Identified the amulet "Jehi" {RegenMP Str+5 Int-3}
 71183 | Depths:2 | Identified the +4 demon trident "Gram" {venom, rPois Will+}
 71186 | Depths:2 | Identified the +0 cloak of Wu Jian's Reproof {rN+ Will-
                  | Int+3}
 71510 | Depths:2 | Found Xobum's Book Emporium.
 71519 | Depths:2 | Bought a manual of Dodging for 1600 gold pieces
 71577 | Depths:2 | Received a gift from Nemelex Xobeh
 71594 | Depths:2 | Identified the ring "Jofuemm" {Fire rElec rN+ Int-2 Slay+6}
 71719 | Depths:2 | Identified the +11 great mace "Doyrr" {spect, rPois Dex+2}
 72324 | Depths:2 | Found Douroatzi's Weapon Shoppe.
 72343 | Depths:2 | Found Lig Ixut's General Store.
 72358 | Depths:2 | Bought a potion of curing for 51 gold pieces
 72358 | Depths:2 | Bought a scroll of teleportation for 51 gold pieces
 72358 | Depths:2 | Bought a potion of lignification for 51 gold pieces
 72537 | Depths:2 | Found Minit's Magic Scroll Boutique.
 72541 | Depths:2 | Bought a scroll of acquirement for 728 gold pieces
 72541 | Depths:2 | Bought a scroll of teleportation for 42 gold pieces
 72541 | Depths:2 | Bought a scroll of fog for 56 gold pieces
 72541 | Depths:2 | Bought a scroll of teleportation for 42 gold pieces
 72541 | Depths:2 | Bought a scroll of blinking for 105 gold pieces
 72541 | Depths:2 | Acquired 963 gold pieces
 72768 | Vaults:5 | Entered Level 5 of the Vaults
 72772 | Vaults:5 | Reached XP level 23. HP: 82/185 MP: 30/43
 72918 | Vaults:5 | Noticed an ancient lich
 72926 | Vaults:5 | Paralysed by a great orb of eyes for 5 turns
 72929 | Vaults:5 | Noticed an ancient lich
 72950 | Vaults:5 | Noticed an ancient lich
 72964 | Vaults:5 | Got the Discourse on Changing
 73051 | Vaults:5 | Killed an ancient lich
 73213 | Vaults:5 | Killed an ancient lich
 73214 | Vaults:5 | Reached skill level 17 in Dodging
 73230 | Vaults:5 | Killed an ancient lich
 73334 | Vaults:5 | Identified the +3 lajatang of the Old World {drain, rPois
                  | Str+3}
 73365 | Vaults:5 | Identified the +6 halberd "Seaghur" {drain, rPois rCorr
                  | Int+5}
 73457 | Vaults:5 | Got Xevunar's Information on the Frostbitten Spider
 73568 | Vaults:5 | Identified the +5 scimitar "Noppegic" {heavy, rElec rF++
                  | Str-5}
 74577 | Vaults:5 | Reached skill level 15 in Conjurations
 75004 | Vaults:5 | Identified the +7 sling "Lityo" {freeze, +Blink rElec rCorr
                  | Dex-3}
 75184 | Vaults:5 | Got the Verses on the Morgue
 75299 | Vaults:5 | Reached XP level 24. HP: 154/195 MP: 12/44
 75418 | Vaults:5 | Received a gift from Nemelex Xobeh
 75712 | Vaults:5 | Got the Codex of Cobwebs
 75797 | Vaults:5 | Identified the staff of cold "Tiyf" {rC+ Dex+5}
 75808 | Vaults:5 | Got a silver rune of Zot
 75888 | Vaults:5 | Acquired Kihoried's Atlas of Floating Attacks
 76193 | Vaults:5 | Received a gift from Nemelex Xobeh
 76945 | Elf:2    | Reached skill level 18 in Dodging
 76945 | Elf:2    | Reached skill level 15 in Translocations
 77102 | Elf:2    | Learned a level 6 spell: Iron Shot
 77110 | Elf:2    | Learned a level 7 spell: Orb of Destruction
 77583 | Elf:2    | Received a gift from Nemelex Xobeh
 77756 | Elf:2    | Found a runed translucent gate.
 77757 | Elf:2    | Found a runed translucent gate.
 77757 | Elf:2    | Found a runed translucent gate.
 78334 | Elf:2    | Received a gift from Nemelex Xobeh
 78507 | Elf:3    | Entered Level 3 of the Elven Halls
 80156 | Elf:3    | Identified the amulet of Sellar {Acrobat Int+3 Dex+2}
 80711 | Elf:3    | Identified the +2 short sword of Bodily Harmony {antimagic,
                  | rCorr}
 80713 | Elf:3    | Identified the +11 rapier "Nauphutoat" {flame, Will+ Int+2}
 81417 | Elf:3    | Identified the amulet of Beauty {Reflect rElec rF+ rC+
                  | SH+5}
 81715 | Elf:3    | Found the +27 heavy crossbow "Sniper" {heavy, Acc+∞ SInv}
 81724 | Elf:3    | Identified the staff of fire "Efroczin" {rF+ rC+ MP+9 SInv}
 81735 | Elf:3    | Got the Catalogue of Dark Ceremonies and Hoarfrost
 81740 | Elf:3    | Identified the +4 shortbow "Hepickafy" {flame, rC+ MP-9
                  | Str+2 Int+2}
 81781 | Elf:3    | Identified the +3 short sword "Jyjenuzy" {venom, *Slow
                  | rCorr Str+4 Int+2}
 81783 | Elf:3    | Identified the staff of death "Guun" {rN+ Str+3}
 82088 | Elf:3    | Received a gift from Nemelex Xobeh
 83197 | Depths:3 | Noticed a caustic shrike
 83486 | Depths:3 | Found Urgharid's Magic Scroll Emporium.
 83486 | Depths:3 | Found a gateway to a bazaar.
 83714 | Depths:3 | Killed a caustic shrike
 84167 | Depths:3 | Identified the ring "Novykhle" {rPois rC+ rN+ Int-5 Dex+6}
 84361 | Depths:3 | Reached skill level 19 in Dodging
 84662 | Depths:3 | Noticed Grunn
 84672 | Depths:3 | Killed Grunn
 84681 | Depths:3 | Reached XP level 25. HP: 203/203 MP: 0/44
 84991 | Depths:2 | Reached skill level 15 in Fire Magic
 85886 | Depths:3 | Found Bumodihi's Serpentskin Sales.
 85929 | Depths:3 | Received a gift from Nemelex Xobeh
 86095 | Depths:3 | Found Zugufunn's Armour Shoppe.
 86110 | Depths:3 | Learned a level 7 spell: Haunt
 86512 | Depths:4 | Entered Level 4 of the Depths
 86980 | Depths:4 | Found a stormy altar of Qazlal.
 87213 | Depths:4 | Paralysed by a floating eye for 2 turns
 87800 | Depths:4 | Noticed a juggernaut
 87810 | Depths:4 | Found a hazy altar of Hepliaklqana.
 87997 | Depths:4 | Reached skill level 15 in Hexes
 87997 | Depths:4 | Reached skill level 15 in Summonings
 87997 | Depths:4 | Reached skill level 15 in Necromancy
 87997 | Depths:4 | Reached skill level 15 in Transmutations
 87997 | Depths:4 | Reached skill level 15 in Ice Magic
 87997 | Depths:4 | Reached skill level 15 in Air Magic
 87997 | Depths:4 | Reached skill level 15 in Earth Magic
 87997 | Depths:4 | Reached skill level 15 in Poison Magic
 88016 | Depths:4 | Killed a juggernaut
 89619 | Depths:4 | Reached skill level 20 in Dodging
 89933 | Depths:4 | Found an ancient bone altar of Kikubaaqudgha.
 89935 | Depths:4 | Found a one-way gateway to a ziggurat.
 90084 | Depths:4 | Found a shimmering blue altar of Sif Muna.
 90305 | Depths:4 | Found a gate to the Realm of Zot.
 90333 | Depths:4 | Received a gift from Nemelex Xobeh
 90509 | Depths:4 | Noticed a juggernaut
 90518 | Depths:4 | Killed a juggernaut
 90766 | Depths:4 | Voluntarily entered the Abyss.
 90786 | Abyss:1  | Found a corrupted altar of Lugonu.
 90807 | Abyss:1  | Found a corrupted altar of Lugonu.
 90824 | Abyss:1  | Found a corrupted altar of Lugonu.
 90881 | Abyss:2  | Found a corrupted altar of Lugonu.
 91012 | Abyss:2  | Found a corrupted altar of Lugonu.
 91022 | Abyss:2  | Received a gift from Nemelex Xobeh
 91159 | Abyss:2  | Found a corrupted altar of Lugonu.
 91164 | Abyss:2  | Found a corrupted altar of Lugonu.
 91227 | Abyss:2  | Found a bloodstained altar of Trog.
 91241 | Abyss:2  | Received a gift from Nemelex Xobeh
 91324 | Abyss:2  | Reached XP level 26. HP: 213/213 MP: 20/45
 91359 | Abyss:3  | Found a corrupted altar of Lugonu.
 91393 | Abyss:4  | Found a corrupted altar of Lugonu.
 91399 | Abyss:4  | Received a gift from Nemelex Xobeh
 91847 | Abyss:4  | Found a corrupted altar of Lugonu.
 92447 | Abyss:4  | Found a corrupted altar of Lugonu.
 92467 | Abyss:4  | Found a corrupted altar of Lugonu.
 92516 | Depths:4 | Escaped the Abyss
 92658 | Depths:4 | Voluntarily entered the Abyss.
 92811 | Abyss:4  | Received a gift from Nemelex Xobeh
 93005 | Abyss:5  | Gained mutation: Your magical capacity is low. (-10% MP) [a
                  | neqoxec]
 93042 | Abyss:5  | Got an abyssal rune of Zot
 93067 | Depths:4 | Escaped the Abyss
 93497 | Slime:1  | Entered Level 1 of the Pits of Slime
 94128 | Slime:2  | Received a gift from Nemelex Xobeh
 94461 | Slime:2  | You fall into a shaft and drop 2 floors!
 94922 | Slime:4  | Learned a level 8 spell: Maxwell's Capacitive Coupling
 95271 | Slime:3  | Reached skill level 21 in Dodging
 97286 | Slime:5  | Entered Level 5 of the Pits of Slime
 97286 | Slime:5  | Received a gift from Nemelex Xobeh
 97683 | Slime:5  | Noticed the Royal Jelly
 98152 | Slime:5  | Found the +7 staff of the Meek {protect, meekguard}
 98417 | Slime:4  | Reached XP level 27. HP: 221/221 MP: 20/41
 98436 | Slime:4  | Received a gift from Nemelex Xobeh
 98718 | Slime:5  | Killed the Royal Jelly
 99121 | Slime:5  | Identified the +0 pair of boots "Juil" {Str+2 Slay+2}
 99141 | Slime:5  | Got a slimy rune of Zot
 99156 | Slime:5  | Identified the +8 mace of Integrity {heavy, rC++ Int+4}
 99186 | Slime:5  | Identified the ring of Nemucot {AC+4 Int+3}
 99196 | Slime:5  | Identified the ring "Modgh" {Ice Drain rN+ Stlth+}
 99235 | Slime:5  | Received a gift from Nemelex Xobeh
100337 | Snake:2  | Bought a faintly glowing leather armour for 196 gold pieces
100337 | Snake:2  | Identified the +0 leather armour "Uvigodez" {rF+} (You
                  | bought it in a shop on level 2 of the Snake Pit)
100569 | Orc:2    | Bought a pair of embroidered boots for 195 gold pieces
100804 | Depths:3 | Bought a +1 helmet of intelligence for 330 gold pieces
100947 | Bazaar   | Entered a bazaar
100973 | Bazaar   | Found Bickathri's Assorted Antiques.
100981 | Bazaar   | Bought a scroll of blinking for 277 gold pieces
100981 | Bazaar   | Bought a wand of mindburst (5) for 259 gold pieces
101003 | Bazaar   | Found Bolaexzo's Assorted Antiques.
101007 | Bazaar   | Bought a potion of heal wounds for 90 gold pieces
101007 | Bazaar   | Bought a scroll of magic mapping for 135 gold pieces
101007 | Bazaar   | Bought a wand of roots (5) for 216 gold pieces
101052 | Bazaar   | Found Tityofimm's Assorted Antiques.
101058 | Bazaar   | Bought a slimy leather armour for 245 gold pieces
101058 | Bazaar   | Identified the +2 leather armour of a treasure trove {rPois
                  | Will+} (You bought it in a shop in a bazaar)
101167 | Zot:1    | Entered Level 1 of the Realm of Zot
101930 | Zot:1    | Received a gift from Nemelex Xobeh
102247 | Zot:1    | You fall into a shaft and drop 1 floor!
104086 | Zot:2    | Received a gift from Nemelex Xobeh
104921 | Zot:2    | Reached skill level 22 in Dodging
106339 | Zot:3    | Received a gift from Nemelex Xobeh
106401 | Zot:3    | Identified the ring "Pamewipo" {rF+ Will+ AC+4 Int+3}
106434 | Zot:3    | Paralysed by a floating eye for 4 turns
106438 | Zot:3    | Noticed an orb of fire
106441 | Zot:3    | Noticed a dread lich
106446 | Zot:3    | Killed an orb of fire
107811 | Zot:3    | Noticed a dread lich
107815 | Zot:3    | Killed a dread lich
107825 | Zot:3    | Killed a dread lich
108496 | Zot:3    | Gained mutation: Armour fits poorly on your strangely
                  | shaped body. [mutagenic glow]
108790 | Zot:4    | Received a gift from Nemelex Xobeh
109676 | Zot:4    | Noticed an ancient lich
110090 | Zot:4    | Killed an ancient lich
110376 | Zot:4    | Noticed an orb of fire
110389 | Zot:4    | Killed an orb of fire
111257 | Zot:5    | Entered Level 5 of the Realm of Zot
111983 | Zot:5    | Reached skill level 23 in Dodging
112099 | Zot:5    | Noticed an ancient lich
112506 | Zot:5    | Received a gift from Nemelex Xobeh
112868 | Zot:5    | Noticed an ancient lich
112884 | Zot:5    | Killed an ancient lich
112892 | Zot:5    | Killed an ancient lich
113285 | Zot:5    | Noticed an orb of fire
113305 | Zot:5    | Killed an orb of fire
113579 | Zot:5    | Noticed an ancient lich
113586 | Zot:5    | Killed an ancient lich
113813 | Zot:5    | a Killer Klown changed into a juggernaut
113813 | Zot:5    | Noticed a juggernaut
113969 | Zot:4    | Killed a juggernaut
114360 | Zot:5    | Noticed an orb of fire
114395 | Zot:5    | Gained mutation: You are weak. (Str -2) [an orb of fire]
114407 | Zot:5    | Killed an orb of fire
114650 | Zot:5    | Noticed an orb of fire
114658 | Zot:5    | Gained mutation: You are dopey. (Int -2) [an orb of fire]
114666 | Zot:5    | Gained mutation: Your spells are a little easier to cast,
                  | but a little less powerful. [an orb of fire]
114668 | Zot:5    | Killed an orb of fire
114675 | Zot:5    | Noticed an orb of fire
114680 | Zot:5    | Lost mutation: Your spells are a little easier to cast, but
                  | a little less powerful. [an orb of fire]
114685 | Zot:5    | Noticed an ancient lich
114686 | Zot:5    | Noticed an orb of fire
114687 | Zot:5    | Banished an orb of fire
114694 | Zot:5    | Noticed an orb of fire
114773 | Zot:5    | Killed an orb of fire
115181 | Depths:1 | Lost mutation: Armour fits poorly on your strangely shaped
                  | body. [potion of mutation]
115181 | Depths:1 | Lost mutation: You are dopey. (Int -2) [potion of mutation]
115181 | Depths:1 | Lost mutation: Your magical capacity is low. (-10% MP)
                  | [potion of mutation]
115181 | Depths:1 | Gained mutation: Your flesh is cold resistant. (rC+)
                  | [potion of mutation]
115181 | Depths:1 | Gained mutation: Your spells are a little harder to cast,
                  | but a little more powerful. [potion of mutation]
115181 | Depths:1 | Gained mutation: You have a somewhat thin skeletal
                  | structure. (Dex +2, Stealth+) [potion of mutation]
115399 | Zot:5    | Gained mutation: Your body sometimes deteriorates upon
                  | taking damage. [an orb of fire]
115400 | Zot:5    | Killed an orb of fire
115605 | Zot:5    | Killed an ancient lich
115700 | Zot:5    | Noticed an orb of fire
115709 | Zot:5    | Killed an orb of fire
115874 | Zot:5    | Noticed an orb of fire
115887 | Zot:5    | Gained mutation: You are dopey. (Int -2) [an orb of fire]
115888 | Zot:5    | Killed an orb of fire
115958 | Zot:5    | Noticed an ancient lich
115965 | Zot:5    | Killed an ancient lich
117118 | Zot:5    | Identified the +1 robe "Ablutra" {Dex+3}
117711 | Zot:5    | Got the Orb of Zot
117777 | Zot:4    | Noticed Jirac the pandemonium lord
117826 | Depths:4 | Noticed Vyru the pandemonium lord
118251 | D:$      | Escaped with the Orb!

Illustrated notes

Levels and vault maps discovered:
D:1:      dpeg_arrival_long_road, layout_rooms, shapermc_ecumenical_altar_gd
D:2:      minmay_chambers_of_ones, layout_basic, uniq_natasha
D:3:      layout_basic, grunt_temple_overflow_open
D:4:      layout_basic, xom_butterflies, nicolae_overflow_crystal_walls,
          gammafunk_ghost_cemetery, nrook_mini_vaults, minmay_misc_feat_tower,
          grunt_tough_drop, uniq_ijyb, uniq_eustachio
D:5:      layout_cave_pools, serial_undead, serial_undead_b, serial_undead_b,
          serial_undead_b, serial_undead_d, serial_undead_f, serial_undead_a,
          kennysheep_generic_room_3, uniq_crazy_yiuf_cottage, uniq_pikel
D:6:      minmay_bubble_buster, layout_basic, trog_book, tgw_kikubaaqudgha,
          mainiacjoe_overflow_two_lobes, minmay_circle_x, uniq_sigmund
D:7:      nicolae_cairo_tiling_large, layout_basic, minmay_temple_entry_fiery,
          uniq_menkaure, uniq_prince_ribbit1
D:8:      layout_basic, kennysheep_generic_room_9
D:9:      layout_loops_ring, serial_shops, shop, uniq_erica
D:10:     layout_stronghold, david_lair_generic, david_orc_5
D:11:     layout_loops_ring, trove_entry_hex_spiral,
          minmay_guarded_unrand_finisher
D:12:     layout_long_grid
D:13:     layout_roguey, minmay_orc_keep, uniq_jorgrun
D:14:     layout_rooms, david_vaults_2, serial_shops, nicolae_stop_n_shop_1,
          kennysheep_cross_bottleneck
D:15:     hangedman_depths_entry_try_elsewhere_first, layout_long_grid,
          gauntlet_entry_generic, uniq_rupert, uniq_louise
Temple:   hellmonk_temple_beads
Lair:1:   layout_layer_cave, ebering_ghost_reflecting_pool,
          nzn_masters_of_martial_movement, serial_bayou_shore_b,
          infiniplex_staircase_pool, grunt_megastairs_4
Lair:2:   beast_lair_carwin_large_3, layout_loops_ring,
          nicolae_snake_entry_warm_welcome, grunt_megastairs_2, uniq_maggie
Lair:3:   layout_cave_shapes, elwin_shoals_entry_stream,
          nicolae_quartered_pool_little
Lair:4:   layout_cave_shapes, minmay_slime_entry_pillars, basic_altar,
          nicolae_lair_lil_pond, lemuel_fruit_tree, lemuel_fruit_fields
Lair:5:   due_jungle_book, layout_gridlike, worms_lemuel,
          infiniplex_staircase_pool_2, uniq_snorg, uniq_urug
Shoals:1: layout_shoals, nicolae_shop_overcharged_wands
Shoals:2: layout_shoals, serial_shops, nicolae_shop_tiny_real_fake_doors,
          amcnicky_altar_lugonu_corruption
Shoals:3: layout_shoals, serial_shops, shop
Shoals:4: shoals_end_grunt_ice, layout_shoals, serial_shops, shop,
          nicolae_shop_gaudy_bauble, nicolae_shoals_water_booths, uniq_mara,
          uniq_kirke
Snake:1:  layout_chambers
Snake:2:  layout_layer_cave, nicolae_snake_snake_lake, minmay_shop_star
Snake:3:  layout_chambers, gammafunk_ghost_arena, nicolae_snake_springs,
          uniq_saint_roka
Snake:4:  johnstein_snake_rune_scales, layout_cave_shapes,
          nrook_guardian_serpent_double
Slime:1:  layout_caves
Slime:2:  layout_caves
Slime:3:  layout_caves, cheibrodos_slime_lost_civilization_7
Slime:4:  layout_caves
Slime:5
Orc:1:    layout_caves, basic_altar, nicolae_orc_rockfall, mines_bat_river
Orc:2:    grunt_orc_cross, layout_caves, serial_shops, nicolae_shop_crystal,
          shop, nicolae_shop_advertising_works [nicolae_subvault_shop_adworks],
          shop, nicolae_shop_rolling_square, uniq_erolcha
Elf:1:    layout_loops_corners, gammafunk_ghost_split,
          portal_ice_cave_entry_pillars_1, orc_legates,
          nicolae_concentric_dashed_squares_mild, uniq_agnes
Elf:2:    nicolae_elf_blades_crystal_corner, layout_loops_corners, serial_shops,
          shop
Elf:3:    elf_hall, layout_loops_corners, solitary_fountain, grunt_megastairs_1
Vaults:1: ontoclasm_vaults_spin, v_misc_11, v_rooms_4, hangedman_vaults_nails,
          nicolae_vaults_little_ls, nicolae_vaults_trapezoid_lopsided_4,
          nicolae_vaults_network_periphery, nicolae_vaults_display_case,
          nicolae_vaults_tetromino_T_1, layout_vaults_omnigrid, serial_shops,
          nicolae_shop_behind_doors, shop, uniq_nikola
Vaults:2: hangedman_vaults_maws, grunt_vaults_swirl,
          nicolae_vaults_storage_room_statues, ontoclasm_vaults_gallery,
          nicolae_vaults_what_the_h, vaults_dpeg_doors, v_misc_33,
          vaults_dpeg_cross, vaults_mumra_minichess, v_pattern_2,
          grunt_vaults_hallway_long, vaults_room_semicircle,
          layout_vaults_omnicross
Vaults:3: vaults_room_fours, nicolae_vaults_asterisk, nicolae_vaults_six-pack,
          nicolae_vaults_lopsided_apartments, minmay_crypt_entry_vampire_xt,
          nicolae_vaults_cochlea, nicolae_vaults_closet_pinwheel_2,
          ontoclasm_vaults_eye, v_misc_19, ontoclasm_vaults_misaligned,
          layout_vaults_omnibox, serial_shops, bzr_entry_gold
Vaults:4: nicolae_vaults_oval_intersection, vaults_standard_mumra_lines,
          nicolae_vaults_closet_pinwheel_2, v_misc_26,
          nicolae_vaults_lightning_bolt, nicolae_vaults_cornered_office,
          nicolae_vaults_trapezoid_lopsided_2, v_alt_pattern_6,
          gammafunk_the_bubble [the_bubble_gammafunk_crates],
          nicolae_vaults_trapezoid_1, v_pattern_4, nicolae_vaults_specimen_jars,
          nicolae_vaults_two_Ls, layout_vaults_maze
Vaults:5
Depths:1: layout_cave_pools, minmay_strange_pillars, grunt_metal_band,
          drop_trap, wad_floor_pattern_untrapped, nicolae_uskayaw_dance_hall,
          kennysheep_random_hallway, serial_bayou_shore_b, serial_bayou_shore_a
Depths:2: grunt_double_whammy, layout_gridlike,
          lightli_enter_wizlab_magi_temple, kennysheep_nondescript,
          serial_shops, shop_coins, shop, nicolae_shop_back_alley_shop, shop,
          shop, rand_demon_pan_entry_9, hangedman_tar_grid_catacomb,
          hangedman_cracks_in_the_wall
Depths:3: minmay_the_grid_net [minmay_the_grid_tri_star,
          minmay_the_grid_minigrid_small, minmay_the_grid_square_x,
          minmay_the_grid_medium_cups, minmay_the_grid_garden,
          minmay_the_grid_prize_trominoes], layout_cave_shapes,
          nicolae_abyss_entry_one_way_or_another, hell_entry, serial_shops,
          freezing_bzr, nicolae_shop_peninsula, shop, minmay_misc_feat_chi,
          guppyfry_shop_venom, infiniplex_staircase_door_maze, uniq_margery,
          uniq_grunn
Depths:4: grunt_profane_halls [grunt_profane_temple_coc,
          grunt_profane_temple_tar, grunt_profane_temple_geh,
          grunt_profane_temple_dis, grunt_zot_portal], hell_entry, abyss_entry
Zot:1:    kennysheep_blocky_room, layout_basic, st_single_dragon_hoard_4,
          hangedman_zot_decor_slant
Zot:2:    kennysheep_blocky_hall, layout_misc_corridors
Zot:3:    hellmonk_paralyzer, layout_cellular_growth
Zot:4:    hangedman_snap_crack_crunch, layout_onion_interference
Zot:5:    layout_cathedral_of_symmetry

Skill      XL: |  1  2  3  4  5  6  7  8  9 10 11 12 13 14 15 16 17 18 19 20 21 22 23 24 25 26 27 |
---------------+----------------------------------------------------------------------------------+-----
Spellcasting   | 5 6 7 8 9 10 11 12 13 14 15 16 17 18 19 20 | 20.6
Invocations    | 1 2 3 4 5 6 7 8 10 11 12 13 14 15 16 17 18 19 20 21 | 21.8
Short Blades   | 1 2 3 4 5 6 7 8 9 10 11 12 13 14 15 16 17 18 20 | 20.1
Long Blades    | 1 2 3 4 5 6 7 8 9 10 11 12 13 14 15 16 17 18 20 | 20.1
Axes           | 1 2 3 4 5 6 7 8 9 10 11 12 13 14 15 16 17 18 20 | 20.1
Maces & Flails | 1 2 3 4 5 6 7 8 9 10 11 12 13 14 15 16 17 18 20 | 20.1
Staves         | 1 2 3 4 5 6 7 8 9 10 11 12 13 14 15 16 17 18 19 22 | 22.5
Ranged Weapons | 1 2 3 4 5 6 7 8 9 10 11 12 13 14 15 16 17 18 20 | 20.1
Throwing       | 1 2 3 4 5 6 7 8 9 10 11 12 13 14 15 16 17 18 20 | 20.1
Armour         | 1 2 3 4 5 6 7 8 9 10 11 12 13 14 15 16 17 18 20 | 20.1
Stealth        | 1 2 3 4 5 6 7 8 9 10 11 12 13 14 15 16 17 18 20 | 20.1
Shields        | 1 2 3 4 5 6 7 8 9 10 11 12 13 14 15 16 17 18 20 | 20.1
Unarmed Combat | 1 2 3 4 5 6 7 8 9 10 11 12 13 14 15 16 17 18 20 | 20.1
Evocations     | 1 2 3 4 5 6 7 8 9 10 11 12 13 14 15 16 17 18 20 | 20.1
Hexes          | 1 2 3 4 5 6 7 8 9 10 11 12 13 14 15 17 | 17.2
Summonings     | 1 2 3 4 5 6 7 8 9 10 11 12 13 14 15 17 | 17.2
Necromancy     | 1 2 3 4 5 6 7 8 9 10 11 12 13 14 15 17 | 17.2
Translocations | 1 2 3 4 5 6 7 8 9 10 11 12 13 14 15 17 18 20 | 20.2
Transmutations | 1 2 3 4 5 6 7 8 9 10 11 12 13 14 15 17 | 17.2
Fire Magic     | 1 2 3 4 5 6 7 8 9 10 11 12 13 14 16 17 19 | 19.5
Ice Magic      | 1 2 3 4 5 6 7 8 9 10 11 12 13 14 15 17 | 17.2
Air Magic      | 1 2 3 4 5 6 7 8 9 10 11 12 13 14 15 17 | 17.2
Earth Magic    | 1 2 3 4 5 6 7 8 9 10 11 12 13 14 15 17 | 17.2
Poison Magic   | 1 2 3 4 5 6 7 8 9 10 11 12 13 14 15 17 | 17.2
Fighting       | 5 6 7 8 9 10 11 12 13 14 15 16 17 18 19 20 | 20.6
Dodging        | 5 6 7 8 9 10 11 12 13 14 15 16 17 19 20 21 23 | 23.8
Polearms       | 7 8 9 10 11 12 13 14 15 16 17 18 19 21 | 21.0
Conjurations   | 6 7 8 9 10 11 12 13 14 15 16 18 | 18.0

Action                     |  1- 3 |  4- 6 |  7- 9 | 10-12 | 13-15 | 16-18 | 19-21 | 22-24 | 25-27 || total
---------------------------+-------+-------+-------+-------+-------+-------+-------+-------+-------++-------
  Melee: Quarterstaff      |    55 |    92 |    37 |       |       |       |       |       |       ||   184
         Spear             |     1 |       |       |       |       |       |       |       |       ||     1
         Bite              |     4 |     8 |    20 |    58 |   128 |    84 |   106 |   122 |   238 ||   768
         Staff             |       |       |    66 |       |       |       |       |    69 |  1004 ||  1139
         Mace              |       |       |    66 |   394 |   501 |       |       |       |       ||   961
         Scythe            |       |       |       |       |   347 |   798 |   870 |   766 |       ||  2781
         Bardiche          |       |       |       |       |       |       |     4 |       |       ||     4
         Double sword      |       |       |       |       |       |       |       |    49 |    25 ||    74
         Punch             |       |       |       |       |       |       |       |     1 |       ||     1
  Throw: Dart              |       |       |     1 |    19 |    33 |       |       |     2 |       ||    55
   Cast: Momentum Strike   |     2 |    15 |    39 |    39 |     9 |       |       |       |       ||   104
         Kiss of Death     |       |     6 |     2 |     9 |     3 |       |       |       |       ||    20
         Foxfire           |       |       |   112 |    70 |     8 |       |       |       |       ||   190
         Freeze            |       |       |    16 |    37 |    19 |     3 |     1 |       |       ||    76
         Hailstorm         |       |       |     8 |    73 |    31 |    14 |     2 |       |       ||   128
         Frozen Ramparts   |       |       |       |    30 |   127 |   119 |   100 |    86 |    23 ||   485
         Swiftness         |       |       |       |     1 |    14 |     2 |     4 |     3 |     2 ||    26
         Ozocubu's Armour  |       |       |       |    14 |    91 |    59 |    68 |    61 |    12 ||   305
         Fireball          |       |       |       |       |   118 |    90 |   237 |   120 |   107 ||   672
         Stone Arrow       |       |       |       |       |    29 |   121 |    38 |    20 |    14 ||   222
         Starburst         |       |       |       |       |       |       |    97 |    76 |   134 ||   307
         Plasma Beam       |       |       |       |       |       |       |    16 |   122 |   176 ||   314
         Passwall          |       |       |       |       |       |       |       |     1 |    23 ||    24
         Iron Shot         |       |       |       |       |       |       |       |    72 |   380 ||   452
         Orb of Destructio |       |       |       |       |       |       |       |    72 |   179 ||   251
         Haunt             |       |       |       |       |       |       |       |       |    74 ||    74
         Maxwell's Capacit |       |       |       |       |       |       |       |       |     9 ||     9
 Invoke: Draw Destruction  |       |       |       |       |    25 |    16 |    27 |    15 |    28 ||   111
         Draw Summoning    |       |       |       |       |     3 |     5 |    10 |     3 |    11 ||    32
         Draw Escape       |       |       |       |       |       |     3 |     2 |       |     1 ||     6
         Triple Draw       |       |       |       |       |       |       |     1 |     1 |       ||     2
         Deal Four         |       |       |       |       |       |       |       |     2 |     4 ||     6
         Stack Five        |       |       |       |       |       |       |       |       |     1 ||     1
         Draw Stack        |       |       |       |       |       |       |       |       |     2 ||     2
  Evoke: Wand              |       |       |       |     3 |    10 |       |     2 |    13 |    17 ||    45
         Piece from Xom's  |       |       |       |       |     6 |       |       |       |       ||     6
         Lightning rod     |       |       |       |       |       |     3 |     9 |     5 |     8 ||    25
         Phial of floods   |       |       |       |       |       |       |     2 |     2 |     3 ||     7
    Use: Scroll            |       |       |    11 |     4 |    23 |     4 |     8 |    15 |    38 ||   103
         Potion            |       |       |     1 |     1 |     4 |     2 |     2 |    10 |    20 ||    40
   Stab: Sleeping          |     1 |     2 |     2 |     3 |     2 |    14 |    14 |     9 |     3 ||    50
         Distracted        |       |       |       |     1 |     3 |     3 |     4 |     6 |     5 ||    22
         Petrified         |       |       |       |       |       |       |       |       |     1 ||     1
 Armour: Leather armour    |    14 |    31 |    56 |       |   149 |   360 |   445 |   341 |   239 ||  1635
         Robe              |       |       |    24 |   232 |   293 |       |       |       |       ||   549
         Skin              |       |       |       |       |       |       |       |       |     2 ||     2
  Dodge: Dodged            |    30 |    84 |   171 |   316 |   678 |   504 |   675 |   753 |  1149 ||  4360
  Block: Buckler           |       |       |    35 |   119 |   181 |       |       |    69 |   938 ||  1342
         Other             |       |       |       |       |       |       |       |     1 |       ||     1
         Reflection        |       |       |       |       |       |       |       |       |    12 ||    12
